 Dungeon Crawl Stone Soup version 0.21-a0-552-g593960d (webtiles) character file.

3704 kae the Martial Artist (level 9, -3/77 HPs)
             Began as a Green Draconian Transmuter on Dec 17, 2017.
             Was a Believer of Wu Jian.
             Slain by a two-headed ogre
             ... wielding a +0 dire flail
              (21 damage)
             ... on level 8 of the Dungeon.
             The game lasted 00:10:47 (9521 turns).

kae the Martial Artist (Green Draconian Transmuter) Turns: 9521, Time: 00:10:47

Health: -3/77      AC:  9    Str: 15    XL:     9   Next: 91%
Magic:  17/17      EV: 15    Int: 13    God:    Wu Jian [**....]
Gold:   480        SH:  0    Dex: 15    Spells: 13/19 levels left

rFire    . . .     SeeInvis .   a - +2 whip (elec)
rCold    . . .     Gourm    .   (no shield)
rNeg     . . .     Faith    .   (armour unavailable)
rPois    +         Spirit   .   (helmet restricted)
rElec    .         Reflect  .   h - +0 cloak (curse)
rCorr    .         Harm     .   B - +0 pair of gloves
MR       .....     Rnd*Tele +   (no boots)
Stlth    +.........             (no amulet)
HPRegen  0.22/turn              g - ring of teleportation (curse)
MPRegen  0.15/turn              e - ring of teleportation (curse)

@: short of breath
A: breathe noxious fumes, unfitting armour, antennae 1, poison resistance,
strong 1, cold-blooded, subdued magic 1, AC +7
a: Breathe Noxious Fumes, Renounce Religion


You were on level 8 of the Dungeon.
You worshipped Wu Jian.
Wu Jian was pleased with you.
You were not hungry.

You visited 2 branches of the dungeon, and saw 9 of its levels.

You collected 480 gold pieces.

Inventory:

Hand Weapons
 a - a +2 whip of electrocution (weapon)
 b - a +1 dagger of venom
Missiles
 o - 88 arrows
Armour
 h - a cursed +0 cloak (worn)
 B - a +0 pair of gloves (worn)
Jewellery
 e - a cursed ring of teleportation (right hand)
 g - a cursed ring of teleportation (left hand)
 k - an uncursed ring of protection from fire
Wands
 w - a wand of disintegration (19)
 C - a wand of digging (12)
Scrolls
 j - a scroll of enchant weapon
 p - 6 scrolls of teleportation
 q - 3 scrolls of amnesia
 y - 2 scrolls of fog
Potions
 i - 3 potions of haste
 l - 3 potions of might
 m - a potion of agility
 r - a potion of flight {unknown}
 s - a potion of magic {unknown}
 u - 6 potions of curing {unknown}
 v - a potion of invisibility {unknown}
 x - a potion of degeneration {unknown}
 z - a potion of heal wounds
Books
 n - a book of Changes

   Spells                             Type                      Level
   a - Beastly Appendage              Transmutation                1
   b - Sticks to Snakes               Transmutation                2
   c - Spider Form                    Transmutation/Poison         3
   d - Ice Form                       Ice/Transmutation            4
   e - Blade Hands                    Transmutation                5
 D - a book of Misfortune

   Spells                             Type                      Level
   a - Confusing Touch                Hexes                        1
   b - Confuse                        Hexes                        3
   c - Gell's Gravitas                Translocation                3
   d - Petrify                        Transmutation/Earth          4
   e - Metabolic Englaciation         Hexes/Ice                    5
   f - Yara's Violent Unravelling     Hexes/Transmutation          5
Comestibles
 c - 7 bread rations
 d - 2 meat rations
 f - 7 royal jellies
 t - 3 fruits
 A - 5 chunks of flesh


   Skills:
 + Level 6.3 Fighting
 + Level 5.6 Dodging
 * Level 8.8 Unarmed Combat
 + Level 5.5 Spellcasting
 + Level 6.1 Transmutations


You had 13 spell levels left.
You knew the following spells:

 Your Spells              Type           Power        Failure   Level  Hunger
a - Beastly Appendage     Tmut           ###...       1%          1    None
b - Sticks to Snakes      Tmut           ###.....     1%          2    ##.....
c - Spider Form           Tmut/Pois      #.........   13%         3    ###....


Dungeon Overview and Level Annotations

Branches:
Dungeon (8/15)             Temple (1/1) D:4
   Lair: D:8-11

Altars:
Ashenzari
Cheibriados
Dithmenos
Fedhas
Gozag
Hepliaklqana
Kikubaaqudgha
Makhleb
Okawaru
Qazlal
Ru
Sif Muna
Trog
Uskayaw
Vehumet
Wu Jian
Xom
Yredelemnul
Zin
The Shining One

Shops:
D:8 %


Innate Abilities, Weirdness & Mutations

You can breathe blasts of noxious fumes.
Your lurid green scales are hard. (AC +7)
You cannot fit into any form of body armour.
Your system is resistant to poisons. (rPois)
You are cold-blooded and may be slowed by cold attacks.
You have a pair of small antennae on your head.
Your muscles are strong. (Str +2)
Your spells are a little easier to cast, but a little less powerful.


Message History

You tail-slap the two-headed ogre, but do no damage.
The two-headed ogre is severely wounded.
You spin and attack the two-headed ogre.
You hit the two-headed ogre.
Lightning courses through the two-headed ogre!
The two-headed ogre is almost dead.
You strike the helpless two-headed ogre from behind!
You hit the two-headed ogre.
The two-headed ogre is almost dead.
The two-headed ogre hits you with a dire flail!!
* * * LOW HITPOINT WARNING * * *
The two-headed ogre closely misses you.
You spin to attack the two-headed ogre, but your attack speed is too slow for a blow to land.
The two-headed ogre seems less confused.
The two-headed ogre hits you but does no damage.
The two-headed ogre closely misses you.
You hit the two-headed ogre. Your punch misses the two-headed ogre.
The two-headed ogre is almost dead.
The two-headed ogre hits you with a dire flail!!
You die...

##+###o..###.....##...........#
##...# ###+# #........<..#
#....# #.....##....# #....#
#.....##....# {#....#
#.....##...##
##.$.##########....?######
#...##......##......#
#.............#......#
...........@###'#####
#..........O##.....##
#.....(.............#
#...................#
#..∩...............)#
#..................##
#..<##.##...##.....#
#####..O##.##..!##......#
........................#


You could see a two-headed ogre (pinned).

Vanquished Creatures
  The ghost of Statics the Shield-Bearer, a novice GnFi (D:4)
  A troll (D:4)
  Prince Ribbit (D:5)
  A hippogriff (D:7)
  A hungry ghost (D:7)
  A sky beast (D:5)
  A water moccasin (D:7)
  A hornet zombie (D:7)
  An orc warrior (D:5)
  A black bear (D:8)
  An ice beast (D:6)
  2 phantoms
  3 ogres
  A crocodile (D:8)
  A centaur (D:5)
  A bullfrog (D:7)
  3 scorpions
  5 wights (D:6)
  3 crimson imps
  A centaur zombie (D:7)
  2 hounds
  2 bullfrog skeletons
  4 orc priests
  A centaur skeleton (D:4)
  A jelly (D:7)
  8 orc wizards
  An iguana (D:7)
  7 worker ants
  A hound zombie (D:5)
  A hound skeleton (D:8)
  A worker ant zombie (D:6)
  10 adders
  2 shadow imps
  3 worms
  2 dart slugs (D:1)
  10 leopard geckos
  35 orcs
  3 ball pythons
  6 giant cockroaches
  7 goblins
  9 hobgoblins
  8 jackals
  8 kobolds
  4 quokkas
  7 bats
  A frilled lizard (D:2)
  A jackal zombie (D:7)
  A leopard gecko skeleton (D:7)
  A leopard gecko zombie (D:5)
  6 rats
184 creatures vanquished.

Notes
Turn   | Place    | Note
-------+----------+-------------------------------------------
     0 | D:1      | kae the Draconian Transmuter began the quest for the Orb.
     0 | D:1      | Reached XP level 1. HP: 16/16 MP: 3/3
   268 | D:1      | Reached XP level 2. HP: 23/23 MP: 3/5
  1077 | D:2      | Reached XP level 3. HP: 27/29 MP: 6/6
  1231 | D:2      | Found an iron altar of Okawaru.
  1485 | D:2      | Reached XP level 4. HP: 30/36 MP: 7/7
  1515 | D:2      | Found a hazy altar of Hepliaklqana.
  2595 | D:3      | Reached skill level 4 in Unarmed Combat
  2595 | D:3      | Reached XP level 5. HP: 38/42 MP: 8/8
  3355 | D:4      | Noticed a troll
  3357 | D:4      | Reached XP level 6. HP: 35/50 MP: 10/10
  3538 | D:4      | Found a blossoming altar of Fedhas.
  3594 | D:4      | Gained mutation: Your spells are a little easier to cast, but a little less powerful. [potion of mutation]
  3594 | D:4      | Gained mutation: You have a pair of small antennae on your head. [potion of mutation]
  3594 | D:4      | Gained mutation: Your muscles are strong. (Str +2) [potion of mutation]
  3615 | D:4      | Killed a troll
  3615 | D:4      | Reached skill level 5 in Unarmed Combat
  3668 | D:4      | Your scales start taking on a lurid green colour.
  3668 | D:4      | Reached XP level 7. HP: 27/57 MP: 11/11
  3668 | D:4      | Gained mutation: Your system is resistant to poisons. (rPois) [Green Draconian growth]
  3846 | D:4      | Found a snail-covered altar of Cheibriados.
  3852 | D:4      | Noticed Statics's ghost (novice GnFi)
  3885 | D:4      | Killed Statics's ghost
  4236 | D:4      | Found a staircase to the Ecumenical Temple.
  4407 | Temple   | Entered the Ecumenical Temple
  4791 | D:5      | Entered Level 5 of the Dungeon
  4791 | D:5      | Found a hide-covered altar of Uskayaw.
  4791 | D:5      | Found a burning altar of Makhleb.
  4890 | D:4      | Reached skill level 6 in Unarmed Combat
  4948 | D:5      | Reached XP level 8. HP: 58/66 MP: 13/13
  5116 | D:5      | Noticed Prince Ribbit
  5129 | D:5      | Killed Prince Ribbit
  5791 | Temple   | Became a worshipper of the Wu Jian Council
  6032 | D:5      | Reached skill level 5 in Fighting
  6032 | D:5      | Reached skill level 7 in Unarmed Combat
  6282 | D:5      | Found a shadowy altar of Dithmenos.
  6334 | D:6      | Reached skill level 5 in Transmutations
  6486 | D:6      | Reached XP level 9. HP: 74/74 MP: 14/16
  6994 | D:6      | Reached * piety under Wu Jian
  7135 | D:6      | Learned a level 2 spell: Sticks to Snakes
  7139 | D:6      | Learned a level 3 spell: Spider Form
  7249 | D:7      | Found an opulent altar of Gozag.
  7259 | D:7      | Reached skill level 5 in Dodging
  7586 | D:7      | Reached skill level 5 in Spellcasting
  7734 | D:7      | Reached skill level 8 in Unarmed Combat
  9110 | D:8      | Reached ** piety under Wu Jian
  9205 | D:8      | Noticed a two-headed ogre
  9212 | D:8      | Found Kealem's Food Shoppe.
  9521 | D:8      | Slain by a two-headed ogre

Vault maps used:
D:1:      saegor_arrival_simple_e, minmay_surrounded
D:2:      nicolae_overflow_hidden_temple, okawaru_ov_weapons_minmay
D:3:      first_bread, minmay_cut_off
D:4:      cheibriados_altar_1, lemuel_round_altar, minmay_temple_entry_trees
D:5:      lemuel_coloured_pillars_altar, grunt_temple_overflow_open,
          guppyfry_early_orc_mine, uniq_prince_ribbit1
D:6:      kennysheep_another_room
D:7:      nicolae_gozag_seed_capital
D:8:      lemuel_crystal_altar, serial_shops, shop, shop, shop
Temple:   minmay_temple_forest_path

Skill      XL: |  1  2  3  4  5  6  7  8  9 |
---------------+----------------------------+-----
Dodging        | 2 3 4 5 |  5.6
Fighting       | 2 3 4 5 6 |  6.3
Unarmed Combat | 4 5 6 7 8 |  8.8
Transmutations | 3 4 5 6 |  6.1
Spellcasting   | 3 4 5 |  5.5

Action                   |  1- 3 |  4- 6 |  7- 9 || total
-------------------------+-------+-------+-------++-------
Melee: Unarmed           |    24 |       |       ||    24
       Tailslap          |    10 |    32 |    65 ||   107
       Kick              |     1 |       |       ||     1
       Headbutt          |     1 |       |       ||     1
       Spear             |    22 |       |       ||    22
       Dagger            |    53 |   191 |       ||   244
       Club              |    14 |       |       ||    14
       Punch             |     1 |     1 |    17 ||    19
       Whip              |       |    24 |   439 ||   463
 Cast: Beastly Appendage |     3 |       |       ||     3
Invok: Lunge             |       |       |    24 ||    24
       Whirlwind         |       |       |    48 ||    48
       Wall jump         |       |       |     1 ||     1
 Abil: Breathe Noxious F |       |       |     7 ||     7
  Use: Scroll            |       |     9 |     7 ||    16
       Potion            |       |     2 |     3 ||     5
 Stab: Sleeping          |     1 |     3 |     4 ||     8
       Confused          |       |       |     5 ||     5
  Eat: Chunk             |     2 |     7 |    19 ||    28
       Fruit             |       |       |     3 ||     3
       Bread ration      |       |       |     1 ||     1
Armor: Skin              |    27 |    99 |   185 ||   311
Dodge: Dodged            |    83 |   132 |   327 ||   542

Table legend:
 A = Spawn XP
 B = Non-spawn XP
 C = Spawn XP percentage of total XP
 D = Spawn monster count
 E = Non-spawn monster count
 F = Spawn count percentage of total count
 G = Total turns spent on level
                    A         B        C        D         E        F      G
               +---------+---------+-------+---------+---------+-------+---------
         Total |       0 |    5292 |   0.0 |       0 |     184 |   0.0 |  9521
               +---------+---------+-------+---------+---------+-------+---------
           D:1 |       0 |      37 |   0.0 |       0 |      18 |   0.0 |   939
           D:2 |       0 |      94 |   0.0 |       0 |      26 |   0.0 |  1063
           D:3 |       0 |     102 |   0.0 |       0 |      30 |   0.0 |  1304
           D:4 |       0 |    1125 |   0.0 |       0 |      25 |   0.0 |  1330
           D:5 |       0 |    1152 |   0.0 |       0 |      25 |   0.0 |  1300
           D:6 |       0 |     855 |   0.0 |       0 |      21 |   0.0 |  1221
           D:7 |       0 |    1534 |   0.0 |       0 |      32 |   0.0 |  1794
           D:8 |       0 |     393 |   0.0 |       0 |       7 |   0.0 |   174
               +---------+---------+-------+---------+---------+-------+---------
